 Dungeon Crawl Stone Soup version 0.19-a0-1937-g70ed36a (webtiles) character file.

121 varam the Conjurer (level 4, 0/24 HPs)
             Began as a Deep Elf Conjurer on Oct 26, 2016.
             Slain by an orc wizard
             ... wielding a +0 dagger
              (1 damage)
             ... on level 4 of the Dungeon.
             The game lasted 00:07:40 (2764 turns).

varam the Conjurer (Deep Elf Conjurer)              Turns: 2764, Time: 00:07:41

Health: 0/24       AC:  5    Str:  5    XL:     4   Next: 76%
Magic:  0/11       EV: 13    Int: 21    God:
Gold:   124        SH:  0    Dex: 17    Spells: 3 memorised, 2 levels left

rFire  . . .     SeeInvis .     p - +2 dagger (chaos)
rCold  . . .     Gourm    .     a - +0 robe
rNeg   . . .     Faith    .     (no shield)
rPois  .         Spirit   .     (no helmet)
rElec  .         Reflect  .     (no cloak)
rCorr  .         Harm     .     (no gloves)
MR     .....     Clarity  +     q - +0 pair of boots
Stlth  ++........               (no amulet)
                                (no ring)
                                (no ring)

@: no status effects
A: claws 1, iridescent scales 1, agile 1, blurry vision 1, clarity, subdued
magic 1
a: no special abilities


You were on level 4 of the Dungeon.
You were hungry.

You visited 1 branch of the dungeon, and saw 4 of its levels.

You collected 124 gold pieces.

Inventory:

Hand Weapons
 d - a +0 short sword of draining
 k - a +0 short sword of speed
 p - a +2 dagger of chaos (weapon)
Armour
 a - a +0 robe (worn)
 q - a +0 pair of boots (worn)
Wands
 n - a wand of digging (13/24)
Scrolls
 g - a scroll of enchant armour {unknown}
 j - a scroll of amnesia
Potions
 e - a potion of brilliance
 f - a potion of ambrosia {unknown}
 h - a potion of heal wounds {unknown}
 i - 2 potions of curing {unknown}
 o - a potion of flight {unknown}
Books
 b - a book of Conjurations

   Spells                             Type                      Level
   a - Magic Dart                     Conjuration                  1
   b - Searing Ray                    Conjuration                  2
   c - Dazzling Spray                 Conjuration/Hexes            3
   d - Fulminant Prism                Conjuration/Hexes            4
   e - Iskenderun's Mystic Blast      Conjuration                  4
   f - Iskenderun's Battlesphere      Conjuration/Charms           5
Comestibles
 c - a bread ration
 l - 2 meat rations
 m - a slice of pizza


   Skills:
 - Level 2.4 Dodging
 - Level 2.4 Stealth
 + Level 3.5 Spellcasting
 * Level 6.6 Conjurations


You had 2 spell levels left.
You knew the following spells:

 Your Spells              Type           Power        Failure   Level  Hunger
a - Magic Dart            Conj           ###.         1%          1    None
b - Dazzling Spray        Conj/Hex       ##....       10%         3    ###....
c - Iskenderun's Mystic   Conj           ###.....     10%         4    ####...


Dungeon Overview and Level Annotations

Branches:
Dungeon (4/15)
 Temple: D:4-7

Altars:
Xom


Innate Abilities, Weirdness & Mutations

You have sharp fingernails.
You are partially covered in iridescent scales. (AC +2)
You are agile. (Dex +2)
Scrolls take you a little longer to read.
You possess an exceptional clarity of mind.
Your spells are a little easier to cast, but a little less powerful.


Message History

The spray of energy hits the orc wizard.
The orc wizard is severely wounded.
The orc wizard is dazzled.
You are feeling hungry.
The orc wizard closely misses you.
The orc wizard hits you but does no damage.
Casting: Dazzling Spray
Confirm with . or Enter, or press ? or * to list all spells.
You don't have enough magic to cast that spell.
Casting: Dazzling Spray
Confirm with . or Enter, or press ? or * to list all spells.
You don't have enough magic to cast that spell.
Unknown command.
You hit the orc wizard. You freeze the orc wizard.
The orc wizard is almost dead.
The orc wizard misses you.
You hit the orc wizard but do no damage.
The orc wizard is almost dead.
The orc wizard hits you with a dagger.
You die...

###. #.....
.......
###.......
##.........
##..........
#...........
#.@)........
#..o........
#...<.......
#...........
#...........
#...........
#...........
#.......?.o.
#.........o.


You could see an orc wizard (blind).

Vanquished Creatures
  2 gnolls (D:2)
  3 adders
  2 oozes
  A worm (D:2)
  2 dart slugs
  6 orcs
  A ball python (D:1)
  5 bats (D:1)
  2 giant cockroaches (D:2)
  3 goblins
  7 hobgoblins
  4 jackals
  6 kobolds
  A quokka (D:2)
  3 frilled lizards
  5 rats (D:1)
53 creatures vanquished.

Notes
Turn   | Place    | Note
-------+----------+-------------------------------------------
     0 | D:1      | varam the Deep Elf Conjurer began the quest for the Orb.
     0 | D:1      | Reached XP level 1. HP: 10/10 MP: 6/6
   451 | D:1      | Reached XP level 2. HP: 15/15 MP: 4/8
   539 | D:1      | Reached skill level 5 in Conjurations
  1255 | D:1      | Reached XP level 3. HP: 19/19 MP: 4/9
  1776 | D:2      | Learned a level 3 spell: Dazzling Spray
  1951 | D:2      | Reached skill level 6 in Conjurations
  2138 | D:2      | Reached XP level 4. HP: 20/24 MP: 0/10
  2442 | D:2      | Found a shimmering altar of Xom.
  2635 | D:3      | Gained mutation: You have sharp fingernails. [potion of mutation]
  2635 | D:3      | Gained mutation: Your spells are a little easier to cast, but a little less powerful. [potion of mutation]
  2635 | D:3      | Gained mutation: Scrolls take you a little longer to read. [potion of mutation]
  2636 | D:3      | Gained mutation: You are partially covered in iridescent scales. (AC +2) [potion of mutation]
  2636 | D:3      | Gained mutation: You are agile. (Dex +2) [potion of mutation]
  2636 | D:3      | Gained mutation: You possess an exceptional clarity of mind. [potion of mutation]
  2749 | D:4      | Learned a level 4 spell: Iskenderun's Mystic Blast
  2759 | D:4      | HP: 1/24 [orc/club (2)]
  2764 | D:4      | Slain by an orc wizard

Vault maps used:
D:1:      dpeg_arrival_rhombus, minmay_ruptured
D:2:      tgw_xom
D:3:      first_bread
D:4:      kennysheep_the_goblin_king, uniq_robin, uniq_pikel, uniq_eustachio,
          uniq_grinder

Skill      XL: |  1  2  3 |
---------------+----------+-----
Conjurations   | 5 6 |  6.6
Dodging        | |  2.4
Stealth        | |  2.4
Spellcasting   | |  3.5

Action                   |  1- 3 |  4- 6 || total
-------------------------+-------+-------++-------
Melee: Unarmed           |     5 |       ||     5
       Hand axe          |     5 |       ||     5
       Short sword       |     1 |       ||     1
       Dagger            |       |     9 ||     9
 Cast: Magic Dart        |    98 |    40 ||   138
       Dazzling Spray    |       |     1 ||     1
  Use: Scroll            |     5 |     1 ||     6
       Potion            |       |     2 ||     2
 Stab: Sleeping          |     2 |       ||     2
  Eat: Chunk             |     4 |     1 ||     5
Armor: Robe              |     7 |     3 ||    10
Dodge: Dodged            |    30 |    11 ||    41
